AoeStats
← Green Assassin

Black Forest

505453464Analyzed
4v4 RM · 22d ago on Sep 9, 2026· 46m 43s· 8 players
Game mode
Random Map
Map size
Large (8 player)
Population
200
Speed
Normal
Resources
Standard
Victory
Conquest
Starting age
Dark Age
Ending age
Imperial Age
RankedLock teamsTeams togetherTeam positionsShared explorationLock speedFull tech treeHidden civsTurbo modeCheats
Victory
Defeat
🇩🇪 Teutons · Germany
1165
+12
🇦🇷 Persians · Argentina
1149
+13
🇩🇪 Bengalis · Germany
1121
+14
🇨🇳 Malians · China
1104
+16
🇹🇼 Hindustanis · Taiwan
1091
-14
🇹🇼 Khmer · Taiwan
1087
-14
🇭🇰 Jurchens · Hong Kong SAR China
1085
-14
🇻🇳 Britons · Vietnam
1064
-13
XGFC
11:40 Feudal Age
15:49 Castle Age
13:38 Horse Collar
14:42 Double-Bit Axe
15:56 Loom
16:41 Bow Saw
18:56 Town Watch
23:18 Forging
23:08 Scale Mail Armor
26:04 Squires
25:49 Arson
27:29 Wheelbarrow
30:07 Hand Cart
34:33 Imperial Age
32:03 Gold Mining
34:43 Scale Barding Armor
35:14 Iron Casting
34:58 Heavy Plow
35:36 Gold Shaft Mining
35:06 Husbandry
35:32 Bloodlines
36:16 Conscription
36:36 Chain Barding Armor
35:40 Light Cavalry
36:23 Farimba
41:20 Onager
46:48 Chemistry
46:09 Ballistics
45:59 Masonry
47:04 Plate Barding Armor
46:21 Fletching
46:31 Padded Archer Armor
Green Assassin
0:26 Loom
14:25 Feudal Age
15:18 Double-Bit Axe
15:18 Horse Collar
19:55 Gold Mining
22:09 Castle Age
22:49 Wheelbarrow
24:32 Caravan
25:24 Bow Saw
28:51 Fortified Wall
29:02 Ballistics
34:15 Imperial Age
32:14 Stone Mining
32:45 Hand Cart
33:49 Squires
33:10 Man-at-Arms
33:13 Pikeman
34:13 Scale Barding Armor
34:19 Forging
34:56 Ironclad
35:09 Bloodlines
36:52 Chemistry
36:30 Chain Barding Armor
37:26 Conscription
37:27 Crenellations
39:04 Plate Barding Armor
39:05 Iron Casting
38:31 Scale Mail Armor
38:23 Cavalier
39:39 Fletching
39:26 Halberdier
40:22 Onager
40:57 Arson
42:17 Siege Engineers
42:23 Masonry
43:02 Hoardings
43:14 Paladin
48:11 Two-Man Saw
47:12 Heavy Plow
48:15 Blast Furnace
47:31 Chain Mail Armor
Muxi
0:37 Loom
11:37 Feudal Age
16:16 Castle Age
17:32 Double-Bit Axe
22:12 Gold Mining
22:15 Stone Mining
24:39 Wheelbarrow
23:48 Horse Collar
25:11 Stone Shaft Mining
25:24 Bow Saw
26:38 Gold Shaft Mining
26:11 Heavy Plow
28:03 Hand Cart
31:47 Imperial Age
29:34 Forging
31:09 Bloodlines
31:00 Husbandry
31:09 Scale Barding Armor
32:28 Iron Casting
32:13 Chain Barding Armor
32:48 Conscription
35:14 Chemistry
34:35 Ballistics
35:36 Plate Barding Armor
35:40 Elite War Elephant
36:09 Elite Skirmisher
38:20 Citadels
38:24 Capped Ram
40:11 Siege Ram
41:29 Fletching
42:50 Squires
42:10 Pikeman
43:16 Elite Skirmisher
43:21 Halberdier
43:42 Crossbowman
44:39 Bodkin Arrow
45:08 Ballistics
45:56 Coinage
45:36 Guilds
45:27 Caravan
46:53 Blast Furnace
45:54 Padded Archer Armor
46:09 Kamandaran
Luis
0:26 Loom
11:04 Feudal Age
20:42 Castle Age
19:17 Double-Bit Axe
19:13 Horse Collar
29:09 Imperial Age
26:48 Heavy Plow
26:40 Fletching
27:32 Ballistics
28:05 Wheelbarrow
27:59 Gold Mining
28:14 Town Watch
28:59 Bloodlines
28:51 Husbandry
29:19 Scale Barding Armor
30:30 Gold Shaft Mining
30:10 Bow Saw
31:24 Conscription
31:28 Chain Barding Armor
31:04 Bodkin Arrow
31:11 Padded Archer Armor
31:32 Forging
32:05 Hand Cart
32:47 Plate Barding Armor
32:58 Bracer
33:39 Leather Archer Armor
34:16 Crop Rotation
33:44 Murder Holes
34:38 Stone Mining
34:16 Elite Battle Elephant
35:39 Iron Casting
36:10 Two-Man Saw
39:02 Paiks
39:29 Mahayana
39:40 Mahayana
39:35 Treadmill Crane
43:12 Elite Ratha (Ranged)
fom1106
0:50 Loom
16:00 Feudal Age
16:44 Double-Bit Axe
18:05 Town Watch
18:56 Horse Collar
24:20 Castle Age
23:34 Stone Mining
25:22 Bow Saw
30:32 Stone Shaft Mining
29:51 Gold Mining
32:37 Heavy Plow
33:28 Wheelbarrow
37:13 Imperial Age
35:54 Forging
35:50 Scale Barding Armor
36:39 Fletching
37:10 Bloodlines
37:35 Husbandry
36:59 Light Cavalry
38:05 Chain Barding Armor
38:21 Iron Casting
38:25 Heavy Camel Rider
40:20 Chemistry
41:08 Plate Barding Armor
kahohohoka
0:27 Loom
13:27 Feudal Age
18:24 Castle Age
16:19 Double-Bit Axe
16:24 Horse Collar
17:34 Stone Mining
17:36 Gold Mining
19:51 Bow Saw
20:17 Heavy Plow
22:06 Wheelbarrow
22:14 Stone Shaft Mining
23:45 Hand Cart
26:42 Fortified Wall
27:49 Gold Shaft Mining
28:32 Town Watch
31:37 Forging
35:58 Imperial Age
33:39 Padded Archer Armor
33:50 Treadmill Crane
34:31 Ballistics
34:20 Siege Engineers
34:10 Pikeman
34:50 Squires
35:23 Leather Archer Armor
35:08 Scale Mail Armor
35:44 Iron Casting
34:58 Arson
36:01 Elite Skirmisher
36:35 Fletching
37:16 Ring Archer Armor
37:09 Conscription
37:45 Crop Rotation
38:25 Two-Man Saw
39:00 Chemistry
38:48 Bodkin Arrow
39:40 Masonry
38:56 Halberdier
41:24 Murder Holes
42:00 Architecture
41:32 Bracer
42:33 Blast Furnace
41:49 Chain Mail Armor
42:10 Fortified Bastions
42:01 Heavy Rocket Cart
42:45 Husbandry
42:55 Bloodlines
42:06 Light Cavalry
kenghsien77
10:35 Feudal Age
15:04 Castle Age
13:13 Horse Collar
13:55 Double-Bit Axe
23:52 Wheelbarrow
24:07 Loom
28:56 Imperial Age
27:10 Hand Cart
27:28 Town Watch
27:58 Bloodlines
27:51 Husbandry
28:08 Gold Mining
28:10 Stone Mining
28:28 Scale Barding Armor
29:38 Chain Barding Armor
28:49 Light Cavalry
29:59 Town Patrol
31:02 Siege Engineers
32:39 Plate Barding Armor
33:02 Double Crossbow
33:32 Fletching
35:12 Chemistry
34:19 Pikeman
36:34 Ballistics
36:54 Conscription
37:23 Elite Ballista Elephant
43:38 Forging
42:51 Hussar
satc1014
10:59 Feudal Age
15:08 Castle Age
15:04 Double-Bit Axe
15:20 Horse Collar
18:49 Bow Saw
22:07 Heavy Plow
23:04 Wheelbarrow
24:33 Gold Mining
29:43 Imperial Age
27:16 Fletching
27:27 Padded Archer Armor
27:27 Treadmill Crane
27:59 Stone Mining
29:20 Gold Shaft Mining
29:05 Leather Archer Armor
29:04 Crossbowman
29:11 Pikeman
29:52 Squires
29:51 Bodkin Arrow
30:33 Bracer
31:27 Conscription
34:10 Hand Cart
33:41 Loom
35:25 Town Watch
37:38 Yeomen
41:08 Gambesons
41:09 Arson
41:36 Forging
41:26 Scale Mail Armor
41:06 Halberdier
41:27 Halberdier
41:35 Halberdier
42:25 Gambesons
42:26 Arson
42:36 Arbalester
43:42 Arbalester
45:10 Iron Casting
44:52 Chain Mail Armor
45:07 Ring Archer Armor
Connection lost

Rejoining the realm…

Still unreachable

The connection could not be restored.

Session expired

The server has moved on; the page needs a fresh start.